 Dungeon Crawl Stone Soup version 0.21-a0-504-g2eda33064f (webtiles) character file.

1477 LarsimusPrime the Cudgeler (level 8, -6/43 HPs)
             Began as a Demonspawn Fighter on Nov 26, 2017.
             Was a Follower of Hepliaklqana.
             Shot with a bolt by an orc warrior (18 damage)
             ... in a bailey.
             The game lasted 00:28:19 (6772 turns).

LarsimusPrime the Cudgeler (Demonspawn Fighter)     Turns: 6772, Time: 00:28:20

Health: -6/43      AC:  9    Str: 18      XL:     8   Next: 49%
Magic:  17/17      EV:  6    Int:  7 (8)  God:    Hepliaklqana [*.....]
Gold:   349        SH: 10    Dex: 12 (13) Spells: 7/7 levels left

rFire    . . .     SeeInvis .   a - +0 flail
rCold    . . .     Gourm    .   c - +1 shield
rNeg     . . .     Faith    .   x - +0 chain mail
rPois    .         Spirit   .   (no helmet)
rElec    .         Reflect  .   (no cloak)
rCorr    .         Harm     .   (no gloves)
MR       .....                  (no boots)
Stlth    ..........             i - amulet of rage
HPRegen  0.14/turn              l - ring of magical power
MPRegen  0.15/turn              (no ring)

@: no status effects
A: reduced essence, talons 1, iridescent scales 2, deformed body, dopey 1, frail
2, rot immunity
a: Recall Ancestor, Ancestor Identity, Renounce Religion, Evoke Berserk Rage


You were in a bailey.
You worshipped Hepliaklqana.
Hepliaklqana was aware of your devotion.
You were not hungry.

You visited 2 branches of the dungeon, and saw 8 of its levels.
You also visited: Bailey.

You collected 349 gold pieces.

Inventory:

Hand Weapons
 a - a +0 flail (weapon)
Missiles
 e - 249 stones (quivered)
Armour
 b - a +0 scale mail
 c - a +1 shield (worn)
 s - a +0 pair of boots
 x - a +0 chain mail (worn)
Jewellery
 i - an amulet of rage (around neck)
 l - a ring of magical power (left hand)
Wands
 v - a wand of paralysis (23)
Scrolls
 k - 8 scrolls of identify
 n - 4 scrolls of remove curse
 q - a scroll of enchant weapon {unknown}
 u - 2 scrolls of fog
 w - a scroll of fear
Potions
 d - a potion of might
 g - a potion of berserk rage
 h - 4 potions of curing
 m - 2 potions of haste
 o - 2 potions of resistance
 t - 2 potions of ambrosia
 z - a potion of brilliance
Comestibles
 f - 4 bread rations
 p - 4 royal jellies


   Skills:
 * Level 5.3 Fighting
 + Level 5.8 Maces & Flails
 + Level 1.3 Throwing
 + Level 4.8 Armour
 - Level 2.2 Dodging
 - Level 1.0 Stealth
 + Level 5.1 Shields


You had 7 spell levels left.
You didn't know any spells.

Dungeon Overview and Level Annotations

Branches:
Dungeon (7/15)             Temple (1/1) D:5

Altars:
Ashenzari
Elyvilon
Fedhas
Hepliaklqana
Okawaru
Trog
Uskayaw
Vehumet
Xom

Shops:
D:5 ?[!=


Innate Abilities, Weirdness & Mutations

You have sharp toenails.
You are mostly covered in iridescent scales. (AC +4)
You are immune to rotting.
Your life essence is reduced to manifest your ancestor. (-10% HP)
Armour fits poorly on your strangely shaped body.
You are dopey. (Int -2)
You are very frail. (-20% HP)


Message History

Press: ? - help, Shift-Dir - straight line, f/p - orc warrior
Aim: an orc warrior, wielding an arbalest and wearing a ring mail Really fire in your ally Spøkulf's direction? [Y]es or [N]o only, please.
Really fire in your ally Spøkulf's direction? [Y]es or [N]o only, please.
Really fire in your ally Spøkulf's direction? [Y]es or [N]o only, please.
Really fire in your ally Spøkulf's direction?
Okay, then.
The orc warrior shoots a bolt.
The bolt barely misses Spøkulf.
The bolt hits you!!
* * * LOW HITPOINT WARNING * * *
The orc warrior shoots a bolt.
The bolt barely misses Spøkulf.
You block the bolt.
Spøkulf closely misses the orc warrior.
The orc warrior shoots a bolt.
You block the bolt.
Spøkulf hits the orc warrior but does no damage.
The orc warrior shoots a bolt.
The bolt hits you!!
You die...

##############
#∩.@(((.......
#.∩.(.........
#.((...(......
#.............
#.............
#.............
#.......≈≈R≈≈.
#......≈≈#o#≈≈
#......≈##.#


You could see the friendly Spøkulf the ancestor and an orc warrior.

Vanquished Creatures
  Sigmund (D:2)
  2 sky beasts (D:6)
  The ghost of LarsimusPrime the Skirmisher, an amateur DsFi (D:3)
  2 centaurs (D:6)
  An ogre (D:7)
  A bullfrog (D:7)
  2 scorpions
  2 howler monkeys
  3 crimson imps
  2 bullfrog skeletons (D:4)
  6 worker ants
  7 gnolls (D:5)
  4 adders
  3 shadow imps
  An ooze (D:4)
  6 worms
  2 dart slugs
  2 orcs
  12 bats
  3 giant cockroaches
  5 goblins
  2 hobgoblins (D:2)
  23 jackals
  2 quokkas (D:6)
  4 frilled lizards
  5 kobolds
  A leopard gecko skeleton (D:5)
  2 quokka zombies
  11 rats
118 creatures vanquished.

Vanquished Creatures (collateral kills)
  A killer bee zombie (D:5)
  An adder (D:7)
  An adder zombie (D:7)
  2 goblins (D:7)
  6 jackals (D:5)
  A quokka (D:6)
12 creatures vanquished.

Grand Total: 130 creatures vanquished

Notes
Turn   | Place    | Note
-------+----------+-------------------------------------------
     0 | D:1      | LarsimusPrime the Demonspawn Fighter began the quest for the Orb.
     0 | D:1      | Reached XP level 1. HP: 18/18 MP: 1/1
   241 | D:1      | Gained mutation: You are partially covered in iridescent scales. (AC +2) [demonic ancestry]
   241 | D:1      | Reached XP level 2. HP: 23/24 MP: 2/2
  1256 | D:2      | Gained mutation: You are mostly covered in iridescent scales. (AC +4) [demonic ancestry]
  1256 | D:2      | Reached XP level 3. HP: 25/29 MP: 3/3
  1627 | D:2      | Noticed Sigmund
  1669 | D:2      | Killed Sigmund
  1669 | D:2      | Reached skill level 1 in Dodging
  1669 | D:2      | Gained mutation: You have sharp toenails. [demonic ancestry]
  1669 | D:2      | Reached XP level 4. HP: 16/37 MP: 4/4
  1669 | D:2      | Reached XP level 5. HP: 18/42 MP: 5/5
  2104 | D:3      | Noticed LarsimusPrime's ghost (amateur DsFi)
  2134 | D:3      | Killed LarsimusPrime's ghost
  2134 | D:3      | Reached skill level 1 in Throwing
  2134 | D:3      | Reached XP level 6. HP: 5/48 MP: 6/6
  2413 | D:3      | Found a faded altar of an unknown god.
  3580 | D:5      | Entered Level 5 of the Dungeon
  3595 | D:5      | Found Taibb's Magic Scroll Boutique.
  3769 | D:5      | Found Ovvy's Antique Armour Boutique.
  3782 | D:5      | Gained mutation: You are immune to rotting. [demonic ancestry]
  3782 | D:5      | Reached XP level 7. HP: 52/54 MP: 7/7
  4023 | D:5      | Found Coucval's Jewellery Shop.
  4159 | D:5      | Found Zuafint's Distillery.
  4575 | D:5      | Found a staircase to the Ecumenical Temple.
  4581 | Temple   | Entered the Ecumenical Temple
  4652 | Temple   | Became a worshipper of Hepliaklqana the Forgotten
  4798 | D:5      | Reached skill level 1 in Stealth
  5192 | D:6      | Gained mutation: You are dopey. (Int -2) [mutagenic meat]
  5193 | D:6      | Gained mutation: You are frail. (-10% HP) [mutagenic meat]
  5194 | D:6      | Gained mutation: Armour fits poorly on your strangely shaped body. [mutagenic meat]
  5195 | D:6      | Gained mutation: You are very frail. (-20% HP) [mutagenic meat]
  5311 | D:6      | Reached skill level 5 in Maces & Flails
  5730 | D:6      | Reached XP level 8. HP: 28/42 MP: 8/8
  5946 | D:6      | Reached * piety under Hepliaklqana
  6136 | D:6      | Reached skill level 5 in Fighting
  6400 | D:7      | Reached skill level 5 in Shields
  6608 | D:7      | Found a flagged portal.
  6615 | Bailey   | Entered a bailey
  6772 | Bailey   | Shot with a bolt by an orc warrior

Vault maps used:
D:1:      eino_arrival_cavern_e
D:2:      minmay_pentomino_u2, uniq_sigmund
D:3:      first_bread, chequers_ecumenical_altar_simple_redux
D:5:      lemuel_castle_with_subvaults, minmay_temple_entry_hall, serial_shops,
          shop, nicolae_shop_trees, shop, shop_statue
D:7:      enter_bailey_3, grunt_livestock, led_sif_book
Temple:   dpeg_five_rooms_temple
Bailey:   bailey_polearm_2, bailey

Skill      XL: |  1  2  3  4  5  6  7  8 |
---------------+-------------------------+-----
Armour         | 3 4 |  4.8
Maces & Flails | 2 3 4 5 |  5.8
Shields        | 3 4 5 |  5.1
Dodging        | 1 2 |  2.2
Throwing       | 1 |  1.3
Fighting       | 4 5 |  5.3
Stealth        | 1 |  1.0

Action                   |  1- 3 |  4- 6 |  7- 9 || total
-------------------------+-------+-------+-------++-------
Melee: Flail             |   175 |   142 |   214 ||   531
       Kick              |       |    32 |    61 ||    93
Throw: Stone             |    14 |     3 |     3 ||    20
Invok: Ancestor Identity |       |       |     1 ||     1
       Recall Ancestor   |       |       |     1 ||     1
  Use: Scroll            |       |     7 |     2 ||     9
       Potion            |       |       |     7 ||     7
  Eat: Chunk             |     3 |     7 |    10 ||    20
       Bread ration      |       |       |     1 ||     1
Armor: Scale mail        |   120 |    27 |       ||   147
       Chain mail        |       |    55 |   112 ||   167
Dodge: Dodged            |    74 |    54 |    40 ||   168
Block: Shield            |    93 |    98 |    93 ||   284

Table legend:
 A = Spawn XP
 B = Non-spawn XP
 C = Spawn XP percentage of total XP
 D = Spawn monster count
 E = Non-spawn monster count
 F = Spawn count percentage of total count
 G = Total turns spent on level
                    A         B        C        D         E        F      G
               +---------+---------+-------+---------+---------+-------+---------
         Total |       0 |    2111 |   0.0 |       0 |     130 |   0.0 |  6772
               +---------+---------+-------+---------+---------+-------+---------
           D:1 |       0 |      32 |   0.0 |       0 |      20 |   0.0 |  1138
           D:2 |       0 |     286 |   0.0 |       0 |      24 |   0.0 |   935
           D:3 |       0 |     144 |   0.0 |       0 |      12 |   0.0 |   694
           D:4 |       0 |     231 |   0.0 |       0 |      11 |   0.0 |   813
           D:5 |       0 |     388 |   0.0 |       0 |      36 |   0.0 |  1472
           D:6 |       0 |     718 |   0.0 |       0 |      17 |   0.0 |  1142
           D:7 |       0 |     312 |   0.0 |       0 |      10 |   0.0 |   294
               +---------+---------+-------+---------+---------+-------+---------
